 Dungeon Crawl Stone Soup version 0.21-a0-404-g291f19a (webtiles) character file.

73 Slyspawn the Chucker (level 4, 0/45 HPs)
             Began as an Ogre Hunter on Oct 29, 2017.
             Succumbed to an adder's poison
             ... on level 2 of the Dungeon.
             The game lasted 00:04:40 (1672 turns).

Slyspawn the Chucker (Ogre Hunter)                  Turns: 1672, Time: 00:04:40

Health: 0/45       AC:  3    Str: 17    XL:     4   Next: 27%
Magic:  4/4        EV: 10    Int: 12    God:
Gold:   39         SH:  0    Dex:  9    Spells: 3/3 levels left

rFire    . . .     SeeInvis .   a - +0 short sword
rCold    . . .     Gourm    .   (no shield)
rNeg     . . .     Faith    .   b - +0 robe
rPois    .         Spirit   .   (helmet restricted)
rElec    .         Reflect  .   (no cloak)
rCorr    .         Harm     .   (gloves unavailable)
MR       .....                  (boots unavailable)
Stlth    +.........             (no amulet)
HPRegen  0.15/turn              (no ring)
MPRegen  0.09/turn              (no ring)

@: lethally poisoned (0 -> -21)
A: unfitting armour, tough skin 1
a: no special abilities


You were on level 2 of the Dungeon.
You were hungry.

You visited 1 branch of the dungeon, and saw 2 of its levels.

You collected 39 gold pieces.

Inventory:

Hand Weapons
 a - a +0 short sword (weapon)
Missiles
 d - a throwing net
 e - 4 large rocks (quivered)
Armour
 b - a +0 robe (worn)
Scrolls
 c - a scroll of identify {unknown}
 g - 2 scrolls of enchant armour {unknown}
 j - a scroll of remove curse {unknown}
 k - a scroll of amnesia {unknown}
 l - a scroll of random uselessness {unknown}
 m - a scroll of magic mapping {unknown}
 n - a scroll of teleportation {unknown}
Potions
 i - a potion of lignification {unknown}
Comestibles
 f - 2 bread rations
 h - a royal jelly
 o - a chunk of flesh


   Skills:
 + Level 3.1 Fighting
 + Level 1.2 Short Blades
 + Level 5.0 Throwing
 + Level 2.0 Dodging
 + Level 0.7 Stealth


You had 3 spell levels left.
You didn't know any spells.

Dungeon Overview and Level Annotations

Branches:
Dungeon (2/15)

Altars:
Okawaru


Innate Abilities, Weirdness & Mutations

You are too large for most types of armour.
You have tough skin. (AC +1)


Message History

* * * LOW HITPOINT WARNING * * *
You are more poisoned.
The adder poisons you!
You closely miss the adder.
The adder is heavily wounded.
* * * LOW HITPOINT WARNING * * *
You feel sick. The adder bites you.
* * * LOW HITPOINT WARNING * * *
You are more poisoned.
The adder poisons you! The adder closely misses you.
You hit the adder.
The adder is almost dead.
* * * LOW HITPOINT WARNING * * *
You feel sick. The adder bites you.
* * * LOW HITPOINT WARNING * * *
You are more poisoned.
The adder poisons you!
You hit the adder.
You kill the adder!
You die...

#.#####. .# .# .........
.##. .#######. ... #. #..
# #. ###..# ....####
....# #..... #...# ######
#@# #
##.#####.################
..?..............).......
######....###############
#....# #...........
#....####### #....#
#....#


There were no monsters in sight!

Vanquished Creatures
  2 adders (D:2)
  6 dart slugs
  2 leopard geckos (D:1)
  A ball python (D:2)
  5 bats (D:1)
  A giant cockroach (D:2)
  4 hobgoblins (D:1)
  A quokka (D:2)
  2 frilled lizards (D:1)
  6 goblins
  6 kobolds
  9 rats (D:1)
45 creatures vanquished.

Notes
Turn   | Place    | Note
-------+----------+-------------------------------------------
     0 | D:1      | Slyspawn the Ogre Hunter began the quest for the Orb.
     0 | D:1      | Reached XP level 1. HP: 22/22 MP: 1/1
    67 | D:1      | Reached XP level 2. HP: 29/29 MP: 2/2
   419 | D:1      | Reached XP level 3. HP: 33/36 MP: 3/3
   487 | D:1      | HP: 1/36 [hobgoblin/club (5)]
  1560 | D:2      | Reached skill level 5 in Throwing
  1576 | D:2      | Reached XP level 4. HP: 39/45 MP: 4/4
  1578 | D:2      | Found an iron altar of Okawaru.
  1608 | D:2      | Reached skill level 1 in Short Blades
  1671 | D:2      | HP: 2/45 [adder (1)]
  1672 | D:2      | Succumbed to an adder's poison

Vault maps used:
D:1:      dpeg_arrival_ratfight, hex_large, st_stairs_8
D:2:      okawaru_gym_becter, chequers_ecumenical_altar_twisty

Skill      XL: |  1  2  3  4 |
---------------+-------------+-----
Fighting       | 3 |  3.1
Dodging        | 2 |  2.0
Throwing       | 5 |  5.0
Short Blades   | 1 |  1.2
Stealth        | |  0.7

Action                   |  1- 3 |  4- 6 || total
-------------------------+-------+-------++-------
Melee: Short sword       |    81 |    18 ||    99
Throw: Large rock        |    41 |     7 ||    48
       Throwing net      |     2 |       ||     2
  Eat: Chunk             |     2 |       ||     2
Armor: Robe              |    35 |     4 ||    39
Dodge: Dodged            |    58 |     6 ||    64

Table legend:
 A = Spawn XP
 B = Non-spawn XP
 C = Spawn XP percentage of total XP
 D = Spawn monster count
 E = Non-spawn monster count
 F = Spawn count percentage of total count
 G = Total turns spent on level
                    A         B        C        D         E        F      G
               +---------+---------+-------+---------+---------+-------+---------
         Total |       0 |     105 |   0.0 |       0 |      45 |   0.0 |  1672
               +---------+---------+-------+---------+---------+-------+---------
           D:1 |       0 |      57 |   0.0 |       0 |      33 |   0.0 |  1490
           D:2 |       0 |      48 |   0.0 |       0 |      12 |   0.0 |   182
               +---------+---------+-------+---------+---------+-------+---------
